 Dungeon Crawl Stone Soup version 0.26.1-2-gb8aa6d0cf2 (webtiles) character file.

Game seed: 4455378495385643926

46 H0rd4k the Charlatan (level 3, 0/26 HPs)
             Began as a Human Artificer on Feb 17, 2021.
             Slain by an adder (2 damage)
             ... on level 3 of the Dungeon.
             The game lasted 00:01:32 (2240 turns).

H0rd4k the Charlatan (Human Artificer)              Turns: 2240, Time: 00:01:33

Health: 0/26       AC:  3    Str: 13    XL:     3   Next: 95%
Magic:  3/3        EV: 11    Int: 11    God:
Gold:   127        SH:  0    Dex: 13    Spells: 2/2 levels left

rFire    . . .     SeeInvis .   f - +0 dagger
rCold    . . .     Faith    .   (no shield)
rNeg     . . .     Spirit   .   b - +0 leather armour
rPois    .         Reflect  .   (no helmet)
rElec    .         Harm     .   (no cloak)
rCorr    .         Rampage  .   (no gloves)
Will     .....                  (no boots)
Stlth    +.........             (no amulet)
HPRegen  0.08/turn              (no ring)
MPRegen  0.08/turn              (no ring)

@: lethally poisoned (0 -> -5)
A: no striking features
a: no special abilities


You were on level 3 of the Dungeon.
You visited 1 branch of the dungeon, and saw 3 of its levels.

You collected 127 gold pieces.

Inventory:

Hand Weapons
 f - a +0 dagger (weapon)
Missiles
 o - 17 poisoned darts (quivered)
Armour
 b - a +0 leather armour (worn)
Wands
 c - a wand of flame (15)
 d - a wand of enslavement (11)
 e - a wand of random effects (15)
Scrolls
 h - 4 scrolls of identify {unknown}
 k - a scroll of magic mapping {unknown}
 l - a scroll of amnesia {unknown}
 n - a scroll of remove curse {unknown}
Potions
 a - a potion of might {unknown}
 g - a potion of cancellation
 i - a potion of magic {unknown}
 j - a potion of curing {unknown}
 m - a potion of flight {unknown}
 p - a potion of heal wounds {unknown}


   Skills:
 + Level 1.5 Fighting
 + Level 1.2 Short Blades
 + Level 2.3 Armour
 + Level 1.2 Dodging
 + Level 1.1 Stealth
 + Level 3.6 Evocations


You had 2 spell levels left.
You didn't know any spells.
Your spell library was empty.

Dungeon Overview and Level Annotations

Branches:
Dungeon (3/15)

Altars:
Nemelex Xobeh
Uskayaw

Annotations:
D:2 exclusion: downstairs


Message History

The adder struggles to resist.
The adder bites you.
Aiming: Enslavement
Press: ? - help, Shift-Dir - straight line, f - worker ant zombie, p - adder
Aim: a worker ant zombie (heavily damaged, chance to affect: 70%)
The worker ant zombie is charmed.
The adder bites you.
* * * LOW HITPOINT WARNING * * *
Unknown command.
You miss the adder.
The adder is lightly wounded.
The adder bites you.
* * * LOW HITPOINT WARNING * * *
You are lethally poisoned!
The adder poisons you!
Your worker ant zombie bites the adder.
The giant cockroach zombie bites your worker ant zombie but does no damage.
It was a potion of cancellation.
You feel magically purged.
* * * LOW HITPOINT WARNING * * *
You feel sick. The adder barely misses you.
Your worker ant zombie bites the giant cockroach zombie.
The adder bites you.
You die...

#.#..#...# #.
#.#..#...#..
#Z#^.#...#. #
#Z#..#.... ..
#<##.#.#.###.###
######...#........
........Z...#
#####.ZS##.#
##.@##.# #.....#
##.####
#..#############.#
#.>............#.#
#####.#####...##.#
#....##.#.##.#
##........##.#
#..8.8.8.##.#


You could see an adder, a giant cockroach zombie and a friendly worker ant
zombie (charmed).

Vanquished Creatures
  A hound skeleton (D:3)
  An adder zombie (D:3)
  An adder skeleton (D:3)
  2 giant cockroaches
  4 hobgoblins
  3 kobolds (D:2)
  4 bats
  2 frilled lizards (D:1)
  3 goblins
  7 rats
28 creatures vanquished.

Notes
Turn   | Place    | Note
-------+----------+-------------------------------------------
     0 | D:1      | H0rd4k the Human Artificer began the quest for the Orb.
     0 | D:1      | Reached XP level 1. HP: 15/15 MP: 1/1
     3 | D:1      | Noticed an electric eel
     4 | D:1      | Noticed an electric eel
   226 | D:1      | Reached XP level 2. HP: 21/21 MP: 2/2
  1114 | D:2      | Reached XP level 3. HP: 26/26 MP: 3/3
  1148 | D:2      | Found a sparkling altar of Nemelex Xobeh.
  1938 | D:3      | Found a hide-covered altar of Uskayaw.
  2004 | D:3      | Reached skill level 1 in Short Blades
  2240 | D:3      | Slain by an adder

Illustrated notes

Levels and vault maps discovered:
D:1:      arrival_aquarium_b, layout_loops_ring
D:2:      layout_loops_cross, lemuel_crystal_altar
D:3:      layout_basic, eat_drink_and_be_merry_uskayaw, serial_undead,
          serial_undead_f, serial_undead_e, serial_undead_a, serial_undead_d,
          serial_undead_b

Skill      XL: |  1  2  3 |
---------------+----------+-----
Short Blades   | 1 |  1.2
Fighting       | |  1.5
Armour         | |  2.3
Dodging        | |  1.2
Stealth        | |  1.1
Evocations     | |  3.6

Action                   || total
-------------------------++-------
Melee: Dagger            ||   145
       Club              ||     2
Evoke: Wand              ||     4
  Use: Potion            ||     1
 Stab: Sleeping          ||     1
Armor: Leather armour    ||    36
Dodge: Dodged            ||    97
